 Dungeon Crawl Stone Soup version 0.30.1-11-g7821555f0a (webtiles) character file.

Game seed: 17871087870816303585

101822 Peloso the Fencer (level 15, -4/145 HPs)
             Began as a Minotaur Fighter on Nov 23, 2023.
             Was a High Priest of Okawaru.
             Blown up by an orb spider (62 damage)
             ... with an orb of destruction
             ... on level 1 of the Spider Nest on Nov 24, 2023.
             The game lasted 01:23:58 (31552 turns).

Peloso the Fencer (Minotaur Fighter)               Turns: 31552, Time: 01:23:58

Health: -4/145     AC: 28    Str: 23    XL:     15   Next: 84%
Magic:  16/17      EV: 16    Int:  5    God:    Okawaru [*****.]
Gold:   2448       SH: 11    Dex: 24    Spells: 14/14 levels left

rFire   + . .        c - +4 long sword (venom)
rCold   . . .        d - +0 buckler
rNeg    . . .        S - +1 plate armour {rF+}
rPois   .            T - +1 hat
rElec   .            (no cloak)
rCorr   +            l - +2 pair of gloves {Dex+3}
SInv    .            u - +0 pair of boots
Will    +....        J - amulet of regeneration Stlth
                     U - +6 ring of dexterity
HPRegen 1.24/turn    P - ring of resist corrosion
MPRegen 0.15/turn

%: no passive effects
@: heroic, studying 2 skills
A: horns 2, retaliatory headbutt
a: Renounce Religion, Heroism, Finesse, Duel


You were on level 1 of the Spider Nest.
You worshipped Okawaru.
Okawaru was extremely pleased with you.
You visited 5 branches of the dungeon, and saw 24 of its levels.
You also visited: Sewer, Ossuary, Gauntlet and Volcano.

You collected 2757 gold pieces.
You spent 309 gold pieces at shops.

Inventory:

Hand Weapons
 a - a +2 falchion of electrocution
 b - the +0 long sword of Vengeance {flame, rF+}
   (You found it on level 5 of the Dungeon)

   rF:        It protects you from fire.
 c - a +4 long sword of venom (weapon)
 g - a +0 falchion of holy wrath
Armour
 d - a +0 buckler (worn)
 l - a +2 pair of gloves of dexterity (worn)
 u - a +0 pair of boots (worn)
 D - a +2 chain mail of cold resistance
 S - a +1 plate armour of fire resistance (worn)
 T - a +1 hat (worn)
Jewellery
 e - a ring of willpower
 m - a ring of willpower
 n - a ring of protection from cold
 w - a ring of poison resistance
 J - an amulet of regeneration (around neck)
 N - an amulet of reflection
 P - a ring of resist corrosion (right hand)
 U - a +6 ring of dexterity (left hand)
Wands
 x - a wand of digging (3)
Scrolls
 h - 4 scrolls of poison
 i - a scroll of enchant armour
 j - a scroll of amnesia
 C - 6 scrolls of identify
 H - 5 scrolls of immolation
 O - 2 scrolls of teleportation
 Q - 2 scrolls of blinking
 R - 4 scrolls of fear
 V - a scroll of magic mapping
Potions
 f - 5 potions of haste
 k - 5 potions of heal wounds
 z - 3 potions of might
 B - 5 potions of flight
 E - a potion of berserk rage
 F - a potion of resistance
 M - 6 potions of curing


   Skills:
 + Level 16.4(21.4) Fighting
 + Level 17.5(22.5) Long Blades
 + Level 17.2(22.2) Armour
 + Level 7.0(12.0) Dodging
 + Level 4.4(9.4) Stealth
 + Level 16.0(21.0) Shields
 + Level 4.1 Invocations
 + Level 1.2 Evocations


You had 14 spell levels left.
You didn't know any spells.
Your spell library contained the following spells:

 Spells                   Type           Power      Damage    Failure   Level
 Magic Dart               Conj           0%         1d3       96%         1
 Sandblast                Erth           0%         2d4       96%         1
 Slow                     Hex            0%         N/A       96%         1
 Cigotuvi's Dreadful Rot  Necr/Pois/Air  0%         N/A       99%         2
 Ensorcelled Hibernation  Hex/Ice        0%         N/A       99%         2
 Passwall                 Tmut/Erth      0%         N/A       99%         2
 Confusing Touch          Hex            0%         N/A       100%        3
 Hailstorm                Conj/Ice       0%         3d3       100%        3
 Inner Flame              Hex/Fire       0%         N/A       100%        3
 Mephitic Cloud           Conj/Pois/Air  0%         N/A       100%        3
 Stone Arrow              Conj/Erth      0%         3d7       100%        3
 Swiftness                Air            0%         N/A       100%        3
 Vampiric Draining        Necr           0%         2d6       100%        3
 Volatile Blastmotes      Fire/Tloc      0%         2d10      100%        3
 Dispel Undead            Necr           0%         3d6       100%        4
 Fulminant Prism          Conj/Hex       0%         3d5       100%        4
 Ice Form                 Ice/Tmut       0%         N/A       100%        4
 Iskenderun's Mystic Bla  Conj/Tloc      0%         2d3       100%        4
 Passage of Golubria      Tloc           0%         N/A       100%        4
 Blade Hands              Tmut           0%         N/A       100%        5
 Lee's Rapid Deconstruct  Erth           0%         3d4*      100%        5
 Silence                  Hex/Air        0%         N/A       100%        5
 Eringya's Noxious Bog    Tmut/Pois      0%         N/A       100%        6
 Storm Form               Tmut/Air       0%         N/A       100%        7
 Lehudib's Crystal Spear  Conj/Erth      0%         10d2      100%        8
 Call Imp                 Summ           Unusable   N/A       N/A         2
 Summon Forest            Summ/Tloc      Unusable   N/A       N/A         5
 Death Channel            Necr           Unusable   N/A       N/A         6
 Simulacrum               Ice/Necr       Unusable   N/A       N/A         6
 Summon Hydra             Summ           Unusable   N/A       N/A         7

Dungeon Overview and Level Annotations

Branches:
Dungeon (15/15)            Temple (1/1) D:6            Lair (5/5) D:10
  Swamp (0/4) Lair:2       Spider (1/4) Lair:2        Slime (0/5) Lair:4
    Orc (2/2) D:12            Elf (0/3) Orc:2        Vaults (0/5) D:14
 Depths (0/4) D:15          Sewer (visited)         Ossuary (visited)
Volcano (visited)         Gauntlet (visited)

Altars:
Ashenzari
Cheibriados
Dithmenos
Elyvilon
Fedhas
Gozag
Hepliaklqana
Kikubaaqudgha
Makhleb
Nemelex Xobeh
Okawaru
Qazlal
Ru
Sif Muna
Trog
Uskayaw
Vehumet
Wu Jian
Xom
Yredelemnul
Zin
The Shining One
Jiyva

Shops:
D:4 =:   D:5 **=(*   D:6 *([=   D:12 [   D:13 *   Orc:2 (!=[

Portals:
Hell: Lair:5

Annotations:
D:14 3 runed translucent doors, Laowois's ghost, journeyman MiBe
D:15 exclusion: obsidian statue
Lair:3 Casa


Innate Abilities, Weirdness & Mutations

You have a pair of horns on your head.
You reflexively headbutt those who attack you in melee.


Message History

Okawaru accepts your kill.
Your base Shields skill increases to level 16!
You closely miss the jumping spider.
Your headbutt misses the jumping spider.
Unknown command.
You barely miss the redback.
The jumping spider leaps!
The redback bites you but does no damage.
Unknown command.
You closely miss the redback. Your headbutt misses the redback.
You block the redback's attack.
Unknown command.
You slice the redback!!
You kill the redback!
Okawaru accepts your kill.
Unknown command.
You slash the jumping spider!
The jumping spider is poisoned.
The jumping spider is moderately wounded.
The jumping spider leaps!
Unknown command.
The jumping spider pounces on you.
You are caught in a web!
The jumping spider bites you but does no damage.
The jumping spider pounces on you but does no damage.
The jumping spider bites you but does no damage.
The orb spider pulsates with a strange energy.
There is a web here.
Unknown command.
The web tears apart.
You block the jumping spider's attack. x2
Unknown command.
You hit the jumping spider but do no damage.
The jumping spider looks as sick as possible!
The jumping spider is heavily wounded.
You block the jumping spider's attack.
The jumping spider bites you but does no damage.
The orb spider weaves a glowing orb of energy.
An orb of destruction comes into view.
The jumping spider closely misses you. The jumping spider misses you.
The jumping spider pounces on you but does no damage.
The jumping spider closely misses you. The orb of destruction hits you!!!
You die...

#...##...#
#.....)..#
##..##..^##
##...##....##
#.#.........#
##......!.##.#
#....##...# .#
##...##..## ..
##.s@.....# .#
#..○##.#..#
##.☼####..#
#..○# #..#
#.s○###...#
#....°s...#
##...##s..#
#..^# ..°^°
#..^..s...s.


You could see an orb spider and a jumping spider (extremely poisoned).

Vanquished Creatures
  Rupert (Lair:3)
  Azrael (Spider:1)
  A minotaur (Gauntlet)
  A dire elephant (Lair:5)
  Snorg (Lair:2)
  Josephine (D:11)
  Harold (Lair:2)
  An ice dragon (Lair:2)
  8 hydras
  6 centaur warriors
  2 dancing weapons (D:14)
  3 two-headed ogres
  4 boulder beetles
  5 tengu warriors
  A hell hog (Volcano)
  5 orc high priests (Orc:2)
  A death yak (Lair:5)
  A skyshark (Lair:5)
  2 sixfirhies
  5 skeletal warriors
  3 pharaoh ants (Spider:1)
  A fire crab (Volcano)
  Pikel (D:8)
  3 wizards
  4 cyclopes
  9 orc knights
  2 deep elf pyromancers
  2 oklob plants (Lair:4)
  17 ugly things
  3 wolf spiders (Spider:1)
  A moth of wrath (Spider:1)
  2 ice statues
  Joseph (D:10)
  A demonic crawler (Spider:1)
  2 black mambas
  4 orange demons (Lair:5)
  2 molten gargoyles (Volcano)
  12 cane toads
  An eye of devastation (Gauntlet)
  A gargoyle (D:10)
  2 kobold demonologists (D:11)
  A freezing wraith (D:14)
  5 komodo dragons
  A torpor snail (Lair:5)
  7 ice devils
  An unseen horror (D:11)
  7 rime drakes
  A red devil (Lair:5)
  A hellwing (Lair:5)
  6 trolls
  A polar bear (Lair:3)
  A tyrant leech (Lair:2)
  11 blink frogs
  2 hornets
  5 tarantellas (Spider:1)
  7 dream sheep (Lair:5)
  Prince Ribbit (D:6)
  A blink frog (shapeshifter) (D:15)
  6 jumping spiders
  11 slime creatures
  8 culicivoras
  8 wraiths
  4 flying skulls (Gauntlet)
  5 wyverns
  A vampire (D:12)
  10 fire bats (Volcano)
  24 yaks
  18 redbacks
  A golden eye (Gauntlet)
  4 basilisks
  3 fire elementals (Spider:1)
  Grum (D:9)
  3 wargs
  2 steam dragons
  4 vampire mosquitoes
  An acid dragon (D:11)
  7 hell hounds
  21 water moccasins
  33 orc warriors
  3 black bears
  2 sky beasts
  2 ice beasts (D:6)
  6 ogres
  24 wolves
  4 phantoms
  9 centaurs
  12 kobold brigands
  6 bullfrogs
  3 elf zombies (Ossuary)
  A gnoll sergeant (D:6)
  4 scorpions
  7 wights
  8 killer bees
  4 howler monkeys
  3 centaur zombies (Ossuary)
  8 lava snakes (Volcano)
  4 hounds
  3 jellies
  23 orc priests
  A gnoll bouda (D:7)
  3 sleepcaps
  6 iguanas
  16 orc wizards
  2 mummies (Ossuary)
  8 gnolls
  10 adders
  6 shadow imps
  A white imp (D:5)
  11 ufetubi
  3 adder zombies (Ossuary)
  7 worms
  70 orcs
  8 ball pythons
  4 bat zombies (D:8)
  19 endoplasms
  6 giant cockroaches
  7 goblins
  4 hobgoblins
  2 jackals (D:1)
  5 quokkas
  9 bats
  7 frilled lizards
  6 hobgoblin zombies (Ossuary)
  A jackal zombie (Ossuary)
  40 kobolds
  10 kobold zombies (Ossuary)
  9 orc zombies (Ossuary)
  7 rats
  5 rat zombies
788 creatures vanquished.

Vanquished Creatures (others)
  A fire giant (D:15)
  2 ufetubi (D:11)
3 creatures vanquished.

Grand Total: 791 creatures vanquished

Notes
Turn   | Place    | Note
-------+----------+-------------------------------------------
     0 | D:1      | Peloso the Minotaur Fighter began the quest for the Orb.
     0 | D:1      | Reached XP level 1. HP: 19/19 MP: 0/0
   245 | D:1      | Reached XP level 2. HP: 20/27 MP: 1/1
   542 | D:1      | Found a faded altar of an unknown god.
   757 | D:2      | Reached XP level 3. HP: 33/33 MP: 2/2
  1170 | D:2      | Identified the +1 leather armour of Ashenzari's Favour
                  | {+Inv rF++ Str+2}
  1555 | D:3      | Reached XP level 4. HP: 39/41 MP: 3/3
  2375 | D:4      | Reached XP level 5. HP: 21/47 MP: 4/4
  2558 | D:4      | Found a sand-covered staircase.
  2578 | Ossuary  | Entered an ossuary
  2802 | Ossuary  | HP: 2/47 [mummy (9)]
  2810 | Ossuary  | Reached skill level 5 in Long Blades
  2810 | Ossuary  | Reached XP level 6. HP: 11/53 MP: 5/5
  2814 | Ossuary  | Reached skill level 1 in Dodging
  3087 | Ossuary  | Reached skill level 5 in Fighting
  3087 | Ossuary  | Reached skill level 5 in Armour
  3099 | Ossuary  | Reached XP level 7. HP: 35/61 MP: 6/6
  3243 | Ossuary  | Identified the staff of death "Famuok" {rN+ Will+ rCorr}
  3282 | D:4      | Found Ecseiriu's Jewellery Shoppe.
  3774 | D:4      | Found Tikeufuo's Tiny Tomes.
  4084 | D:5      | Entered Level 5 of the Dungeon
  4084 | D:5      | Found Mecell's Assorted Antiques.
  4156 | D:5      | Found Qaurumo's General Store.
  4168 | D:5      | Bought a potion of degeneration for 15 gold pieces
  4236 | D:5      | Found Gorrit's Antique Weapon Boutique.
  4262 | D:5      | Found Weuxkafo's Jewellery Emporium.
  4288 | D:5      | Found Zin's Purification Station.
  4292 | D:5      | Found a glowing silver altar of Zin.
  4438 | D:5      | Reached skill level 5 in Shields
  4689 | D:5      | Reached XP level 8. HP: 69/69 MP: 7/7
  4745 | D:5      | Identified the +0 long sword of Vengeance {flame, rF+}
  4986 | D:6      | Found a glowing drain.
  4990 | D:6      | Found Usut's Jewellery Shoppe.
  5024 | Sewer    | Entered a sewer
  5259 | Sewer    | Found a viscous altar of Jiyva.
  5587 | D:6      | Found Vuvu's Armour Shop.
  5587 | D:6      | Found Odiorr's Weapon Shoppe.
  5595 | D:6      | Found a basalt altar of Yredelemnul.
  5596 | D:6      | Found a sacrificial altar of Ru.
  5657 | D:6      | Noticed Prince Ribbit
  5669 | D:6      | Killed Prince Ribbit
  5670 | D:6      | Reached skill level 10 in Long Blades
  5670 | D:6      | Reached XP level 9. HP: 19/78 MP: 8/8
  5905 | D:6      | Found a staircase to the Ecumenical Temple.
  6845 | D:6      | Found Vevimmol's Assorted Antiques.
  6851 | D:6      | Bought a scroll labelled GOGIUCE JORY for 24 gold pieces
  6932 | D:5      | Bought a bloodstained chain mail for 247 gold pieces
  6932 | D:5      | Identified the +3 chain mail "Boxed" {Fly rN+++ Int-4
                  | Slay-5} (You bought it in a shop on level 5 of the Dungeon)
  7163 | D:7      | Found a sparkling altar of Nemelex Xobeh.
  7447 | D:7      | Found an opulent altar of Gozag.
  7818 | D:7      | Identified the +0 leather armour of the Jabberwock {rN+}
  7979 | D:8      | Reached XP level 10. HP: 73/88 MP: 9/9
  8150 | D:8      | Found a broken altar of Ashenzari.
  8689 | D:8      | Found an ancient bone altar of Kikubaaqudgha.
  8729 | D:8      | Noticed Pikel
  8754 | D:8      | Killed Pikel
  8904 | D:8      | Found a hazy altar of Hepliaklqana.
  8907 | D:8      | Found a shadowy altar of Dithmenos.
  9256 | D:9      | Reached skill level 1 in Stealth
  9540 | D:9      | Noticed Grum
  9570 | D:9      | HP: 4/89 [wolf[Grum] (6)]
  9792 | D:9      | Killed Grum
 10591 | D:10     | Entered Level 10 of the Dungeon
 10639 | D:10     | Noticed a two-headed ogre
 10647 | D:10     | Killed a two-headed ogre
 10648 | D:10     | Reached skill level 10 in Armour
 10732 | Temple   | Entered the Ecumenical Temple
 10880 | Temple   | Became a worshipper of Warmaster Okawaru
 10946 | D:10     | Found a staircase to the Lair.
 10986 | D:10     | Noticed Joseph
 11001 | D:10     | Reached XP level 11. HP: 72/95 MP: 10/10
 11005 | D:10     | Killed Joseph
 11308 | D:10     | Found a blossoming altar of Fedhas.
 11487 | D:10     | Found a hide-covered altar of Uskayaw.
 11488 | D:10     | Found a burning altar of Makhleb.
 11728 | D:11     | Noticed a boulder beetle
 11767 | Lair:1   | Entered Level 1 of the Lair of Beasts
 11783 | Lair:1   | Reached * piety under Okawaru
 11832 | Lair:1   | Found a gate leading to a gauntlet.
 11840 | Gauntlet | Entered a Gauntlet
 11840 | Gauntlet | Noticed an orange crystal statue
 11840 | Gauntlet | Found a large runed translucent door.
 11840 | Gauntlet | Found a large runed translucent door.
 11840 | Gauntlet | Found a large runed translucent door.
 11840 | Gauntlet | Found a large runed translucent door.
 11840 | Gauntlet | Found a runed translucent door.
 11840 | Gauntlet | Found a large runed translucent door.
 11840 | Gauntlet | Found a large runed translucent door.
 11840 | Gauntlet | Found a transporter.
 11840 | Gauntlet | Found a transporter.
 11840 | Gauntlet | Found a large runed translucent door.
 11840 | Gauntlet | Found a large runed translucent door.
 11840 | Gauntlet | Found a runed translucent gate.
 11840 | Gauntlet | Found a runed translucent gate.
 11840 | Gauntlet | Found a transporter.
 11841 | Gauntlet | Found a runed translucent door.
 11841 | Gauntlet | Found a runed translucent gate.
 11853 | Gauntlet | Found a large runed translucent door.
 11853 | Gauntlet | Found a large runed translucent door.
 11854 | Gauntlet | Found a large runed translucent door.
 11854 | Gauntlet | Noticed a ghost crab
 11855 | Gauntlet | Found a large runed translucent door.
 11859 | Gauntlet | Found a transporter.
 11864 | Gauntlet | Found a large runed translucent door.
 11864 | Gauntlet | Found a large runed translucent door.
 11865 | Gauntlet | Found a large runed translucent door.
 11865 | Gauntlet | Noticed a sixfirhy
 11866 | Gauntlet | Found a large runed translucent door.
 11867 | Gauntlet | Found a transporter.
 11874 | Gauntlet | Found a transporter.
 11880 | Gauntlet | Found a transporter.
 11882 | Gauntlet | Found a transporter.
 11951 | Gauntlet | Found a transporter.
 12003 | Gauntlet | Found a transporter.
 12025 | Gauntlet | Found a transporter.
 12039 | Gauntlet | Found a transporter.
 12415 | Gauntlet | Killed a sixfirhy
 12415 | Gauntlet | Reached ** piety under Okawaru
 12874 | Gauntlet | Noticed a minotaur
 12912 | Gauntlet | Killed a minotaur
 13079 | Lair:1   | Reached skill level 10 in Shields
 13091 | Lair:1   | Reached *** piety under Okawaru
 13191 | Lair:1   | Reached skill level 10 in Fighting
 13703 | Lair:2   | Noticed Harold
 13718 | Lair:2   | Killed Harold
 13785 | Lair:2   | Reached XP level 12. HP: 80/107 MP: 11/11
 13787 | Lair:2   | Reached **** piety under Okawaru
 13960 | Lair:2   | Found a hole to the Spider Nest.
 14075 | Lair:2   | Noticed a four-headed hydra
 14083 | Lair:2   | Killed a one-headed hydra
 14232 | Lair:2   | Noticed an ice dragon
 14282 | Lair:2   | Killed an ice dragon
 14580 | Lair:2   | Noticed an eight-headed hydra
 14581 | Lair:2   | Noticed a four-headed hydra
 14593 | Lair:2   | Killed a three-headed hydra
 14594 | Lair:2   | Reached skill level 1 in Invocations
 14599 | Lair:2   | Killed a one-headed hydra
 14609 | Lair:2   | Reached ***** piety under Okawaru
 14616 | Lair:2   | Found a staircase to the Swamp.
 15492 | D:11     | Noticed Josephine
 15510 | D:11     | Killed Josephine
 15578 | D:11     | Noticed a two-headed ogre
 15589 | D:11     | Killed a two-headed ogre
 15590 | D:11     | Reached skill level 15 in Long Blades
 15686 | D:11     | Killed a boulder beetle
 15848 | D:11     | Received a gift from Okawaru
 16106 | D:12     | Noticed a two-headed ogre
 16117 | D:12     | Killed a two-headed ogre
 16120 | D:12     | Found Dioluy's Armour Shoppe.
 16164 | D:12     | Got the Volume of the Changing Blaze
 16231 | D:12     | Found a staircase to the Orcish Mines.
 16314 | D:12     | Reached XP level 13. HP: 118/118 MP: 13/13
 16870 | Orc:1    | Entered Level 1 of the Orcish Mines
 16938 | Orc:2    | Entered Level 2 of the Orcish Mines
 16938 | Orc:2    | Found a staircase to the Elven Halls.
 17588 | Orc:2    | Reached skill level 5 in Dodging
 18402 | Orc:2    | Found Ekogi's Jewellery Emporium.
 18402 | Orc:2    | Found Nohis's Armour Emporium.
 18403 | Orc:2    | Found Sevec's Distillery.
 18403 | Orc:2    | Found Caziome's Weapon Emporium.
 19350 | Lair:3   | Noticed Snorg
 19365 | Lair:2   | Killed Snorg
 19615 | Lair:3   | Noticed Rupert
 19788 | D:13     | Found Gozag's Platinum Reserve.
 19789 | D:13     | Found an opulent altar of Gozag.
 20208 | D:13     | Reached XP level 14. HP: 122/129 MP: 15/15
 20873 | D:14     | Found a runed translucent gate.
 20873 | D:14     | Found a runed translucent gate.
 20873 | D:14     | Found a runed translucent gate.
 21147 | D:14     | Noticed Laowois's ghost (journeyman MiBe)
 21157 | D:14     | Identified the +0 plate armour of Follow the Leader {+Inv
                  | Will+ Regen+ Dex+3}
 21161 | D:14     | Found the +3 hat of Pondering {ponderous, Will+ MP+10
                  | Int+5}
 21218 | D:14     | Found a gate to the Vaults.
 21469 | D:14     | Reached skill level 15 in Armour
 21508 | D:14     | Received a gift from Okawaru
 21769 | D:14     | Found a stormy altar of Qazlal.
 22333 | Lair:3   | Killed Rupert
 22444 | Lair:3   | Received a gift from Okawaru
 23365 | Lair:4   | Found a viscous altar of Jiyva.
 23366 | Lair:4   | Found a staircase to the Slime Pits.
 23921 | Lair:5   | Entered Level 5 of the Lair of Beasts
 23950 | Lair:5   | Found a dark tunnel.
 23959 | Volcano  | Entered a volcano
 24293 | Volcano  | Found a burning altar of Makhleb.
 24322 | Volcano  | Reached skill level 15 in Fighting
 24392 | Volcano  | Received a gift from Okawaru
 25240 | Lair:5   | Found a burning altar of Makhleb.
 25252 | Lair:5   | Reached XP level 15. HP: 141/141 MP: 13/16
 25272 | Lair:5   | Identified the +0 hat of Muim {Harm *Slow +Blink rF++}
                  | (Okawaru gifted it to you on level 5 of the Lair of Beasts)
 25272 | Lair:5   | Received a gift from Okawaru
 25427 | Lair:5   | Found a gateway to Hell.
 25529 | Lair:5   | Identified the +1 pair of gloves "Akopt" {rF+}
 25531 | Lair:5   | Found a glowing golden altar of the Shining One.
 26494 | D:15     | Entered Level 15 of the Dungeon
 26583 | D:15     | Found a staircase to the Depths.
 26583 | D:15     | Noticed a fire giant
 26649 | D:15     | Killed a fire giant
 26734 | D:15     | Reached skill level 15 in Shields
 28651 | D:5      | Bought a murky white potion for 23 gold pieces
 30477 | D:11     | Identified the +1 robe of Micoro {Int+3 Dex+3} (Okawaru
                  | gifted it to you on level 11 of the Dungeon)
 30477 | D:11     | Received a gift from Okawaru
 30792 | Spider:1 | Entered Level 1 of the Spider Nest
 30810 | Spider:1 | Reached skill level 1 in Evocations
 31331 | Spider:1 | Noticed Azrael
 31368 | Spider:1 | Killed Azrael
 31552 | Spider:1 | Blown up by an orb spider

Illustrated notes

Levels and vault maps discovered:
D:1:      lemuel_arrival_river_bridge, layout_basic,
          ebering_ecumenical_altar_sacrificial
D:2:      layout_basic, hex_large, st_stairs_11, guppyfry_early_lair_pool
D:3:      layout_loops_corners, serial_park_tiny_pond
D:4:      layout_basic, serial_shops, shop, enter_ossuary_2,
          nicolae_shop_i_like_small_books_too
D:5:      layout_basic, zin_purify, serial_shops, shop, shop, shop,
          nicolae_shop_crystal, hangedman_decor_lopped,
          kennysheep_decorative_pillar, item_on_display_a
D:6:      layout_loops_ring, jmf_multi_god_temple,
          minmay_temple_entry_purple_smoke, gup_sewer_entry_glass, serial_shops,
          shop, shop, nicolae_shop_tiny_waterfront, shop, st_stairs_11,
          hangedman_abyss_or_decor_passed, minmay_increasing_density,
          uniq_prince_ribbit1
D:7:      layout_basic, lemuel_tele_altar, mainiacjoe_overflow_brackets
D:8:      layout_loops_cross, riverfiend_overflow_shadow_ancestor,
          lemuel_zombie_altar_kikubaaqudgha, ashenzari_conservatory_becter,
          uniq_pikel
D:9:      layout_basic, minmay_circle_x, uniq_grum
D:10:     layout_irregular_city, mainiacjoe_overflow_24_doors, minitemple,
          dpeg_oklobed_lair, uniq_joseph
D:11:     cheibrodos_frozen_isle, layout_rooms, uniq_josephine
D:12:     layout_basic, minmay_orc_entry_guard_dogs, serial_shops,
          nicolae_shop_tiny_glass
D:13:     layout_cave_pods, st_stairs_8, nicolae_gozag_zags_fifth_avenue
D:14:     layout_roguey, erik_vaults_1, biasface_ghost_orc_armoury,
          nicolae_qazlal_style_of_elements
D:15:     grunt_enter_depths_giant_problem, layout_grid_maze,
          grunt_decor_resistance, roderic_roman_lattice, minivault_16,
          minmay_unpleasant_kobolds
Temple:   hellmonk_temple_flake
Lair:1:   layout_loops_ring, gauntlet_entry_generic, beast_lair_carwin_4
Lair:2:   dragon1_lemuel, layout_cave_pods, palyth_hydra_swamp_entry,
          hellmonk_spider_entry_life_and_decay, uniq_harold
Lair:3:   layout_chaotic_city, grunt_megastairs_5, uniq_snorg, uniq_rupert
Lair:4:   layout_long_grid, minmay_slime_entry_oklob_open, serial_rivers,
          chequers_serial_rivers_micro_c, chequers_serial_rivers_large_b,
          chequers_serial_rivers_small_3, chequers_serial_rivers_micro_d
Lair:5:   evil_forest, layout_loops_ring, basic_altar,
          nicolae_volcano_entry_hallway, st_stairs_8
Spider:1: nicolae_spider_mines_1, nicolae_spider_baby_got_redback,
          hangedman_spider_tarantella_strand, uniq_azrael
Orc:1:    layout_diamond_mine, basic_altar
Orc:2:    st_orc_pillars, layout_diamond_mine

Skill      XL: |  1  2  3  4  5  6  7  8  9 10 11 12 13 14 15 |
---------------+----------------------------------------------+-----
Armour         | 4 5 6 7 8 10 12 13 14 16 17 | 17.2
Fighting       | 4 5 6 7 8 10 12 13 15 16 | 16.4
Shields        | 4 5 6 7 8 10 11 13 14 16 | 16.0
Long Blades    | 3 4 5 6 8 10 12 13 14 15 16 17 | 17.5
Dodging        | 1 2 3 4 6 7 |  7.0
Stealth        | 1 3 4 |  4.4
Invocations    | 2 3 4 |  4.1
Evocations     | 1 |  1.2

Action                     |  1- 3 |  4- 6 |  7- 9 | 10-12 | 13-15 || total
---------------------------+-------+-------+-------+-------+-------++-------
  Melee: Long sword        |    96 |   196 |   460 |   873 |  1939 ||  3564
         Headbutt          |    16 |    45 |    83 |   209 |   537 ||   890
 Invoke: Heroism           |       |       |       |    12 |    28 ||    40
  Evoke: Wand              |       |       |       |       |    15 ||    15
    Use: Potion            |     3 |     4 |     1 |    13 |     9 ||    30
         Scroll            |     5 |     4 |     6 |    12 |     7 ||    34
   Stab: Invisible         |     1 |       |       |     4 |     2 ||     7
         Distracted        |       |       |       |       |     1 ||     1
 Armour: Scale mail        |    37 |    87 |    11 |       |       ||   135
         Plate armour      |       |       |   211 |   219 |   343 ||   773
         Chain mail        |       |       |       |   173 |   532 ||   705
  Dodge: Dodged            |    54 |    81 |   206 |   304 |   787 ||  1432
  Block: Buckler           |    32 |    40 |   110 |   332 |   720 ||  1234
         Reflection        |       |       |       |     1 |       ||     1
